AoeStats
← ElEmaRnR

Arabia

510463291Analyzed
1v1 RM · 1d ago on Oct 1, 2026· 48m 14s· 2 players
Game mode
Random Map
Map size
Tiny (2 player)
Population
200
Speed
Normal
Resources
Standard
Victory
Conquest
Starting age
Dark Age
Ending age
Imperial Age
RankedLock teamsTeams togetherTeam positionsShared explorationLock speedFull tech treeHidden civsTurbo modeCheats
Victory
Defeat
🇦🇷 Persians · Argentina
1101
+18
🇦🇷 Bohemians · Argentina
1135
-18
rattanite
10:39 Feudal Age
8:56 Loom
15:26 Castle Age
14:13 Double-Bit Axe
14:11 Horse Collar
20:05 Fletching
26:45 Stone Mining
28:01 Bow Saw
28:51 Heavy Plow
28:47 Gold Mining
28:58 Elite Skirmisher
30:22 Wheelbarrow
29:32 Town Watch
32:07 Hand Cart
31:52 Town Patrol
35:07 Imperial Age
32:45 Scale Barding Armor
32:51 Forging
33:51 Gold Shaft Mining
33:29 Thumb Ring
32:45 Crossbowman
33:51 Bloodlines
33:42 Husbandry
35:14 Kamandaran
35:47 Ballistics
35:27 Bodkin Arrow
36:31 Chain Barding Armor
36:46 Iron Casting
35:50 Cavalier
37:13 Padded Archer Armor
37:51 Plate Barding Armor
39:22 Chemistry
38:54 Leather Archer Armor
38:04 Savar
41:41 Ring Archer Armor
41:47 Iron Casting
44:24 Two-Man Saw
ElEmaRnR
7:47 Loom
10:22 Feudal Age
11:32 Double-Bit Axe
14:53 Fletching
19:25 Castle Age
18:11 Horse Collar
19:34 Crossbowman
20:10 Bodkin Arrow
20:32 Bow Saw
21:17 Heavy Plow
21:58 Town Watch
22:27 Padded Archer Armor
23:40 Leather Archer Armor
28:28 Chemistry
31:23 Imperial Age
30:00 Ballistics
31:46 Wheelbarrow
31:31 Arbalester
32:13 Bracer
35:23 Man-at-Arms
36:04 Squires
35:50 Arson
36:37 Ring Archer Armor
36:07 Scale Mail Armor
36:18 Forging
38:23 Long Swordsman
39:13 Two-Handed Swordsman
41:59 Champion
46:29 Pikeman
47:31 Chain Mail Armor
47:52 Iron Casting
Connection lost

Rejoining the realm…

Still unreachable

The connection could not be restored.

Session expired

The server has moved on; the page needs a fresh start.